 Dungeon Crawl Stone Soup version 0.15.2 (webtiles) character file.

221 bullock the Ruinous (level 5, -10/28 HPs)
             Began as a Gargoyle Wizard on Nov 26, 2014.
             Killed by divine providence
             ... invoked by an orc priest
              (17 damage)
             ... on Level 3 of the Dungeon.
             The game lasted 00:07:13 (3473 turns).

bullock the Ruinous (Gargoyle Wizard)               Turns: 3473, Time: 00:07:13

HP -10/28        AC 12     Str 10      XL: 5   Next: 98%
MP   0/13        EV 10     Int 20      God:
Gold 94          SH  0     Dex  8      Spells:  5 memorised,  1 level left

rFire  . . .     SeeInvis .     h - +1 mace (protect)
rCold  . . .     Clarity  .     e - +0 leather armour
rNeg   + . .     rCorr    .     (no shield)
rPois  +         rRot     +     (no helmet)
rElec  +         Spirit   .     (no cloak)
SustAb .         Warding  .     (no gloves)
rMut   .         Stasis   .     (no boots)
Gourm  .                        (no amulet)
MR     .....                    (no ring)
                                (no ring)

@: very slightly contaminated, repel missiles, not resistant to hostile
enchantments, very unstealthy
A: negative energy resistance 1, electricity resistance, unbreathing,
petrification resistance, rot immunity, AC +4
a: no special abilities


You were on level 3 of the Dungeon.
You were not hungry.

You visited 1 branch of the dungeon, and saw 3 of its levels.

You collected 94 gold pieces.

Inventory:

Hand weapons
 h - a +1 mace of protection (weapon)
Armour
 e - a +0 leather armour (worn)
Comestibles
 d - 3 bread rations
 i - a slice of pizza
 l - 13 fruits
Scrolls
 f - 2 scrolls of enchant weapon {unknown}
 k - a scroll of blinking {unknown}
Potions
 a - a potion of degeneration {unknown}
 b - a potion of confusion {unknown}
 g - a potion of cure mutation {unknown}
 j - 2 potions of restore abilities {unknown}
 m - a potion of haste {unknown}
 n - a potion of heal wounds {unknown}
 o - a potion of agility {unknown}
 p - a potion of poison {unknown}
 q - a potion of berserk rage {unknown}
Books
 c - a book of Minor Magic

   Spells                             Type                      Level
   *Magic Dart                        Conjuration                  1
   *Blink                             Translocation                2
   Call Imp                           Summoning                    2
   *Repel Missiles                    Charms/Air                   2
   Slow                               Hexes                        2
   *Conjure Flame                     Conjuration/Fire             3
   *Mephitic Cloud                    Conjuration/Poison/Air       3


   Skills:
 - Level 1.5 Dodging
 - Level 2.1 Stealth
 + Level 4.3 Spellcasting
 * Level 4.9 Conjurations
   Level 0.8 Summonings
 - Level 0.8 Translocations


You had one spell level left.
You knew the following spells:

 Your Spells              Type           Power        Failure   Level  Hunger
a - Magic Dart            Conj           ###.         1%          1    None
f - Conjure Flame         Conj/Fire      ##......     14%         3    ###....
q - Blink                 Tloc           N/A          17%         2    #......
r - Mephitic Cloud        Conj/Pois/Air  ##......     21%         3    ###....
v - Repel Missiles        Chrm/Air       #.....       21%         2    #......


Dungeon Overview and Level Annotations

Branches:
Dungeon (3/15)

Altars:
Cheibriados
Fedhas
Nemelex Xobeh
Sif Muna


Innate Abilities, Weirdness & Mutations

You are resistant to torment.
You are immune to poison.
Your stone body is very resilient (AC +4).
You resist negative energy.
You are resistant to electric shocks.
You can survive without breathing.
You are immune to petrification.
You are immune to rotting.


Message History

You feel a wave of unholy energy pass over you.
Casting: Blink
Confirm with . or Enter, or press ? or * to list all spells.
Aiming: Magic Dart
Press: ? - help, Shift-Dir - straight line, f/p - orc
Aim: an orc, wielding a runed mace and wearing a leather armour (heavily wounded, bewildered and confused)
The magic dart hits the orc.
The orc is heavily wounded.
The orc priest hits you but does no damage.
You barely miss the orc priest.
The orc priest is severely wounded.
The orc priest closely misses you.
The orc priest calls upon Beogh to heal the orc.
The orc's wounds heal themselves!
You closely miss the orc priest.
The orc priest is severely wounded.
The orc priest mumbles some strange prayers to Beogh against you.
Something smites you!
Ouch! That really hurt!
You die...

#.#
.........###
#.# #.########
#.# #.#
#.####.#.#
#.........
#..####### #%.#
#.@#
#o.###########.
#.[##..........
#.....#########
##.#..# #o#).#
#.#..# #.#..#
#.#...#


You could see an orc priest and an orc (confused).

Vanquished Creatures
  The ghost of trelanon the Sneak, an average VSAs (D:3)
  3 adders
  4 gnolls (D:2)
  4 worms
  A giant gecko (D:2)
  An ooze (D:3)
  2 orcs (D:3)
  3 giant cockroaches (D:2)
  7 goblins
  10 hobgoblins
  4 jackals (D:3)
  7 kobolds
  5 bats
  2 giant newts
  2 quokkas (D:2)
  5 rats
61 creatures vanquished.

Notes
Turn   | Place    | Note
--------------------------------------------------------------
     0 | D:1      | bullock, the Gargoyle Wizard, began the quest for the Orb.
     0 | D:1      | Reached XP level 1. HP: 10/10 MP: 4/4
   310 | D:1      | Found a snail-covered altar of Cheibriados.
   533 | D:1      | Reached XP level 2. HP: 15/15 MP: 1/6
  1172 | D:1      | Learned a level 2 spell: Blink
  1175 | D:1      | Learned a level 2 spell: Repel Missiles
  1348 | D:2      | Reached XP level 3. HP: 19/19 MP: 0/8
  1914 | D:2      | Reached XP level 4. HP: 22/24 MP: 1/10
  2036 | D:2      | Learned a level 3 spell: Conjure Flame
  2212 | D:2      | Found a sparkling altar of Nemelex Xobeh.
  2507 | D:2      | Reached skill level 4 in Spellcasting
  2507 | D:2      | Reached XP level 5. HP: 23/28 MP: 3/13
  2600 | D:2      | Learned a level 3 spell: Mephitic Cloud
  2648 | D:2      | Found a deep blue altar of Sif Muna.
  3016 | D:3      | Found a blossoming altar of Fedhas.
  3147 | D:3      | Noticed trelanon's ghost (average VSAs)
  3157 | D:3      | Killed trelanon's ghost
  3473 | D:3      | Killed from afar by an orc priest

Action                   |  1- 3 |  4- 6 || total
-------------------------+-------+-------++-------
Melee: Dagger            |    11 |       ||    11
       Unarmed           |     5 |       ||     5
       Mace              |    45 |    44 ||    89
 Cast: Magic Dart        |    72 |    90 ||   162
       Blink             |     1 |     2 ||     3
       Repel Missiles    |     1 |     1 ||     2
       Conjure Flame     |       |     3 ||     3
       Mephitic Cloud    |       |     1 ||     1
 Stab: Sleeping          |       |     1 ||     1
  Eat: Chunk             |     3 |     5 ||     8
